 Dungeon Crawl Stone Soup version 0.30-a0-121-gb27577e5d9 (webtiles) character file.

Game seed: 16343556685763467500

16286 Newt the Cleaver (level 12, -67/85 (92) HPs)
             Began as a Demonspawn Gladiator on Sept 14, 2022.
             Was the Champion of Wu Jian.
             Killed from afar by an ancient lich (77 damage)
             ... with a crystal spear
             ... on level 2 of the Abyss.
             The game lasted 00:20:47 (14710 turns).

Newt the Cleaver (Demonspawn Gladiator)            Turns: 14710, Time: 00:20:49

HP:   -67/85 (92)   AC: 16    Str: 17 (19) XL:     12   Next: 8%
MP:   0/12          EV: 11    Int:  8 (10) God:    Wu Jian [******]
Gold: 829           SH:  0    Dex: 13 (15) Spells: 11/11 levels left

rFire   + . .      SeeInvis .    G - +3 hand axe (spect)
rCold   + + +      Faith    +    (no shield)
rNeg    . . .      Spirit   +    L - +1 scale mail "Vexzuok" {Harm rC++}
rPois   .          Reflect  .    c - +0 helmet
rElec   .          Harm     +    h - +2 cloak
rCorr   .          Rampage  +    (no gloves)
Will    .....                    F - +1 pair of boots {rampage}
Stlth   +.........               B - amulet of faith
HPRegen 0.24/turn                p - ring of protection from cold
MPRegen 0.26/turn                V - ring of protection from fire

@: about to teleport, hasted (expiring), drained, very quick
A: spiny 3, magic shield, magic regeneration, magic link, sense surroundings 1
a: Renounce Religion, Wall Jump, Serpent's Lash, Heavenly Storm


You were on level 2 of the Abyss.
You worshipped Wu Jian.
Wu Jian was exalted by your worship.
You visited 1 branch of the dungeon, and saw 11 of its levels.
You visited the Abyss 1 time.
You also visited: Ossuary and Bailey.

You collected 829 gold pieces.

Inventory:

Hand Weapons
 a - a +0 rapier
 k - the +8 Vampire's Tooth {vamp}
   (You found it in a bailey)

   It occasionally heals its wielder for the full amount of damage dealt when it
   wounds a living foe.
 q - a +1 dagger of pain
 C - a +2 whip of flaming
 G - a +3 spectral hand axe (weapon)
 P - a +3 battleaxe
Missiles
 f - 6 curare-tipped darts (quivered)
 u - 28 poisoned darts
Armour
 b - a +0 leather armour
 c - a +0 helmet (worn)
 h - a +2 cloak (worn)
 A - a +0 chain mail
 D - a +1 ring mail of fire resistance
 F - a +1 pair of boots of rampaging (worn)
 I - a +0 pair of boots
 L - the +1 scale mail "Vexzuok" (worn) {Harm rC++}
   (You found it in a bailey)

   rC:        It greatly protects you from cold.
   Harm:      It increases damage dealt and taken.
 M - a +3 leather armour of fire resistance
 O - a +2 leather armour of willpower
Jewellery
 p - a ring of protection from cold (left hand)
 y - a ring of wizardry
 B - an amulet of faith (around neck)
 V - a ring of protection from fire (right hand)
 X - a +4 ring of protection
 Y - a ring of ice
Wands
 e - a wand of charming (23)
 E - a wand of mindburst (6)
 H - a wand of flame (13)
Scrolls
 d - a scroll of summoning
 m - 2 scrolls of teleportation
 n - a scroll of blinking
 r - 4 scrolls of enchant armour
 N - a scroll of magic mapping
 Q - a scroll of torment {unknown}
 R - 2 scrolls of poison {unknown}
 S - a scroll of fear
 T - a scroll of identify
 W - a scroll of enchant weapon
Potions
 g - 4 potions of magic
 i - 2 potions of might
 l - a potion of invisibility
 o - 2 potions of flight
 s - a potion of ambrosia
 t - 4 potions of curing
 v - a potion of experience {unknown}
 w - 2 potions of degeneration
 x - a potion of lignification {unknown}
 z - 2 potions of mutation
 J - 2 potions of berserk rage {unknown}
 K - 2 potions of attraction {unknown}
Miscellaneous
 U - a box of beasts


   Skills:
 - Level 8.0 Fighting
 - Level 2.6 Short Blades
 - Level 14.0 Axes
 - Level 1.7 Throwing
 + Level 9.2 Armour
 - Level 4.0 Dodging
 - Level 2.0 Stealth
 - Level 8.0 Evocations


You had 11 spell levels left.
You didn't know any spells.
Your spell library contained the following spells:

 Spells                   Type           Power      Damage    Failure   Level
 Magic Dart               Conj           0%         1d3       77%         1
 Necrotise                Necr           0%         1d4       77%         1
 Call Imp                 Summ           0%         N/A       88%         2
 Searing Ray              Conj           0%         2d4       88%         2
 Confusing Touch          Hex            0%         N/A       98%         3
 Mephitic Cloud           Conj/Pois/Air  0%         N/A       98%         3
 Vampiric Draining        Necr           0%         2d6       98%         3
 Fulminant Prism          Conj/Hex       0%         3d6       100%        4
 Agony                    Necr           0%         N/A       100%        5
 Yara's Violent Unravell  Hex/Tmut       0%         3d3       100%        5
 Enfeeble                 Hex            0%         N/A       100%        7


Dungeon Overview and Level Annotations

Branches:
Dungeon (11/15)            Temple (0/1) D:7            Lair (0/5) D:10
    Orc (0/2) D:10        Ossuary (visited)          Bailey (visited)

Altars:
Cheibriados
Dithmenos
Kikubaaqudgha
Makhleb
Okawaru
Ru
Trog
Wu Jian

Shops:
D:7 [

Annotations:
D:11 Sonja


Innate Abilities, Weirdness & Mutations

You are completely covered in sharp spines.
When hurt, damage is shared between your health and your magic reserves.
You regenerate magic rapidly.
When low on magic, you restore magic in place of health.
You passively map a small area around you.


Message History

Press: ? - help, Shift-Dir - straight line, f - ancient lich
Aim: an ancient lich (lightly damaged, fast, infinite will)
Okay, then.
Unknown command.
Blink to where?
Press: ? - help, Q - select action, (/) - cycle Dir - move target
As you read the scroll of blinking, it crumbles to dust.
As you read the scroll of teleportation, it crumbles to dust.
You feel strangely unstable.
You feel the power of the Abyss delaying your translocation!
Unknown command.
The ancient lich is struck by your spines.
The ancient lich touches you.
You feel drained.
Unknown command.
The ancient lich is struck by your spines.
The ancient lich touches you but does no damage.
Unknown command.
The ancient lich touches you!
* * * LOW HITPOINT WARNING * * *
You feel drained.
* * * LOW HITPOINT WARNING * * *
Unknown command.
The ancient lich touches you but does no damage.
Unknown command.
The ancient lich touches you.
* * * LOW HITPOINT WARNING * * *
Unknown command.
Your extra speed is starting to run out.
The ancient lich touches you!
* * * LOW HITPOINT WARNING * * *
You feel drained.
* * * LOW HITPOINT WARNING * * *
Unknown command.
It was a potion of degeneration.
There was something very wrong with that liquid.
You feel weakened.
You feel dopey.
You feel clumsy.
The ancient lich points at you and mumbles some strange words.
The crystal spear hits you!!!
Ouch! That really hurt!
You die...

#### #..#
##L.## ##
#@# #.. ..#
..###..# .#.
.#..##. .
#### # #
..##.
.##...#
#..#.# ##.
.....#
#....#.#..X.
..#
.....L... #
##..♣ .###.#
. .# #..
#.##....# ♣.


You could see an ancient lich (fast).

Vanquished Creatures
  2 two-headed ogres (D:11)
  Nergalle (D:11)
  A deep elf zephyrmancer (D:8)
  An orc knight (Bailey)
  Pikel (D:9)
  A deep elf pyromancer (Bailey)
  A manticore (D:11)
  3 cyclopes (D:11)
  Maggie (D:8)
  A troll (D:11)
  Prince Ribbit (D:7)
  2 shadows
  2 wraiths
  2 wyverns
  A steam dragon (D:8)
  39 yaks
  Edmund (D:6)
  7 orc warriors
  An ice beast (D:7)
  A phantom (D:5)
  4 centaurs
  2 bullfrogs
  5 kobold brigands
  2 scorpions
  2 water moccasin zombies (Ossuary)
  Dowan (D:5)
  8 wights
  10 killer bees
  A howler monkey (D:10)
  2 vampire bats (D:9)
  A jelly (D:7)
  A gnoll bouda (D:7)
  6 orc priests
  2 hounds (D:5)
  9 orc wizards
  An iguana (D:4)
  2 mummies (Ossuary)
  4 gnolls (D:7)
  9 adders
  An ufetubus (D:6)
  5 adder zombies (Ossuary)
  3 worms
  2 dart slugs
  33 orcs
  8 endoplasms
  A giant cockroach (D:3)
  3 gnoll zombies (Ossuary)
  7 goblins
  2 hobgoblins
  3 jackals (D:3)
  26 kobolds
  2 quokkas (D:2)
  5 ball pythons
  12 bats
  3 frilled lizards
  6 hobgoblin zombies (Ossuary)
  3 kobold zombies (Ossuary)
  8 orc zombies (Ossuary)
  9 rats
  2 bushes (D:8)
286 creatures vanquished.

Vanquished Creatures (collateral kills)
  A yak (D:9)
  Duvessa (D:5)
  2 orcs (D:9)
  2 goblins (D:9)
  A hobgoblin (D:9)
7 creatures vanquished.

Vanquished Creatures (others)
  A wight (D:8)
  3 bushes (D:8)
4 creatures vanquished.

Grand Total: 297 creatures vanquished

Notes
Turn   | Place    | Note
-------+----------+-------------------------------------------
     0 | D:1      | Newt the Demonspawn Gladiator began the quest for the Orb.
     0 | D:1      | Reached XP level 1. HP: 16/16 MP: 1/1
   118 | D:1      | Reached skill level 1 in Stealth
   370 | D:1      | Gained mutation: You are partially covered in sharp spines.
                  | [demonic ancestry]
   370 | D:1      | Reached XP level 2. HP: 22/22 MP: 2/2
   625 | D:1      | Found a faded altar of an unknown god.
   648 | D:1      | Prayed at the altar of an unknown god.
   648 | D:1      | Became a worshipper of the Wu Jian Council
   648 | D:1      | Reached * piety under Wu Jian
   789 | D:2      | Reached XP level 3. HP: 9/28 MP: 3/3
  1664 | D:2      | Reached XP level 4. HP: 33/37 MP: 4/4
  2081 | D:3      | Found a snail-covered altar of Cheibriados.
  2085 | D:3      | Reached ** piety under Wu Jian
  2585 | D:4      | Found an iron altar of Okawaru.
  2586 | D:4      | Found a burning altar of Makhleb.
  2673 | D:4      | Found a sand-covered staircase.
  2682 | Ossuary  | Entered an ossuary
  2720 | Ossuary  | Reached XP level 5. HP: 29/42 MP: 5/5
  3001 | Ossuary  | Gained mutation: You are mostly covered in sharp spines.
                  | [demonic ancestry]
  3001 | Ossuary  | Reached XP level 6. HP: 8/50 MP: 6/6
  3698 | Ossuary  | Reached skill level 5 in Fighting
  4309 | D:5      | Entered Level 5 of the Dungeon
  4376 | D:5      | Noticed Duvessa
  4376 | D:5      | Noticed Dowan
  4386 | D:5      | Killed Duvessa
  4387 | D:5      | Reached skill level 2 in Axes
  4391 | D:5      | Killed Dowan
  4392 | D:5      | Reached skill level 3 in Axes
  4392 | D:5      | Gained mutation: You regenerate magic rapidly. [demonic
                  | ancestry]
  4392 | D:5      | Reached XP level 7. HP: 52/58 MP: 7/7
  4424 | D:5      | Reached *** piety under Wu Jian
  4449 | D:5      | Reached skill level 4 in Axes
  4652 | D:5      | Reached skill level 5 in Axes
  4679 | D:5      | Found a sacrificial altar of Ru.
  4952 | D:5      | Found an ornate altar of the Wu Jian Council.
  5091 | D:5      | Found an ancient bone altar of Kikubaaqudgha.
  5095 | D:5      | Reached skill level 6 in Axes
  5457 | D:6      | Reached skill level 1 in Armour
  5513 | D:6      | Noticed Edmund
  5541 | D:6      | Killed Edmund
  5939 | D:6      | Gained mutation: When hurt, damage is shared between your
                  | health and your magic reserves. [demonic ancestry]
  5939 | D:6      | Reached XP level 8. HP: 43/64 MP: 8/8
  6149 | D:6      | Found a shadowy altar of Dithmenos.
  6423 | D:7      | Reached skill level 1 in Evocations
  6464 | D:7      | Gained mutation: You passively map a small area around you.
                  | [potion of mutation]
  6536 | D:7      | Noticed Prince Ribbit
  6549 | D:7      | Killed Prince Ribbit
  6557 | D:7      | Found a staircase to the Ecumenical Temple.
  6561 | D:7      | Reached skill level 5 in Evocations
  6561 | D:7      | Reached skill level 7 in Axes
  6963 | D:7      | Found Vese's Armour Boutique.
  7486 | D:8      | Reached skill level 8 in Axes
  7489 | D:8      | Gained mutation: You are completely covered in sharp
                  | spines. [demonic ancestry]
  7489 | D:8      | Reached XP level 9. HP: 65/69 MP: 9/9
  7529 | D:8      | Reached skill level 9 in Axes
  8031 | D:8      | Reached skill level 10 in Axes
  8032 | D:8      | Reached **** piety under Wu Jian
  8255 | D:8      | Reached skill level 5 in Armour
  8615 | D:8      | Noticed Maggie
  8638 | D:8      | Killed Maggie
  9082 | D:8      | Noticed a deep elf zephyrmancer
  9088 | D:8      | Killed a deep elf zephyrmancer
 10205 | D:9      | Noticed Pikel
 10214 | D:9      | Killed Pikel
 10215 | D:9      | Reached XP level 10. HP: 73/76 MP: 8/10
 10318 | D:9      | Reached ***** piety under Wu Jian
 10343 | D:9      | Found a flagged portal.
 10349 | Bailey   | Entered a bailey
 10762 | Bailey   | Noticed an orc knight
 10771 | Bailey   | Found a large runed translucent door.
 10771 | Bailey   | Found a large runed translucent door.
 10777 | Bailey   | Killed an orc knight
 10822 | Bailey   | HP: 2/79 [orc warrior/+0 halberd (5)]
 11148 | Bailey   | Noticed a deep elf pyromancer
 11150 | Bailey   | Found the +8 Vampire's Tooth {vamp}
 11265 | Bailey   | Killed a deep elf pyromancer
 11282 | Bailey   | Identified the +1 scale mail "Vexzuok" {Harm rC++}
 11514 | D:9      | Identified the +2 mace of Havoc {vorpal, rElec Dex+4}
 11640 | D:9      | Found a bloodstained altar of Trog.
 11692 | D:9      | Reached skill level 11 in Axes
 11696 | D:9      | Gained mutation: When low on magic, you restore magic in
                  | place of health. [demonic ancestry]
 11696 | D:9      | Reached XP level 11. HP: 78/86 MP: 9/11
 11909 | D:10     | Entered Level 10 of the Dungeon
 11928 | D:10     | Reached skill level 12 in Axes
 12387 | D:10     | Found a staircase to the Lair.
 12750 | D:10     | Found a staircase to the Orcish Mines.
 13151 | D:11     | Noticed a two-headed ogre
 13155 | D:11     | Killed a two-headed ogre
 13156 | D:11     | Reached skill level 13 in Axes
 13238 | D:11     | Reached ****** piety under Wu Jian
 13425 | D:11     | Noticed a two-headed ogre
 13432 | D:11     | Killed a two-headed ogre
 13660 | D:11     | Reached skill level 14 in Axes
 14100 | D:11     | Noticed Nergalle
 14403 | D:11     | Killed Nergalle
 14404 | D:11     | Reached XP level 12. HP: 84/92 MP: 12/12
 14637 | D:11     | Noticed Sonja
 14640 | Abyss:1  | Cast into level 1 of the Abyss (Sonja)
 14664 | Abyss:2  | Noticed an ancient lich
 14710 | Abyss:2  | Killed from afar by an ancient lich

Illustrated notes

Levels and vault maps discovered:
D:1:      lightli_arrival_noodles, layout_loops_ring,
          ebering_ecumenical_altar_hall
D:2:      layout_loops_ring, minivault_23
D:3:      layout_rooms, kennysheep_slug_shrine
D:4:      layout_basic, minitemple, enter_ossuary_1, mrwooster_statue_mirror
D:5:      layout_loops_ring, mainiacjoe_overflow_two_lobes,
          nzn_wu_jian_contemplation, mainiacjoe_overflow_cross_hatched,
          uniq_duvessa
D:6:      layout_cave_pools, nicolae_dithmenos_the_darkroom, uniq_edmund
D:7:      layout_basic, minmay_temple_entry_crystal_x, serial_shops,
          nicolae_shop_advertising_works [nicolae_subvault_shop_adworks],
          uniq_prince_ribbit1
D:8:      layout_loops_corners, minivault_24, minmay_hedge_maze,
          guppyfry_early_elven_hall, uniq_maggie
D:9:      layout_roguey, old_standard_altar, enter_bailey_4, roderic_batcave,
          uniq_pikel
D:10:     layout_loops_ring, lair_entry_dummy, orc_0_dummy,
          minmay_misc_feat_rugged
D:11:     layout_gridville, serial_rivers, chequers_serial_rivers_small_b,
          chequers_serial_rivers_marsh, chequers_serial_rivers_micro_c,
          chequers_serial_rivers_room_b, kennysheep_cross_room,
          nicolae_straight_to_the_point, uniq_nergalle, uniq_sonja
Abyss:2:  base: D:8, due_exit_kobolds

Skill      XL: |  1  2  3  4  5  6  7  8  9 10 11 12 |
---------------+-------------------------------------+-----
Stealth        | 1 2 |  2.0
Fighting       | 3 4 6 8 |  8.0
Dodging        | 4 |  4.0
Axes           | 3 6 8 10 11 14 | 14.0
Armour         | 3 4 8 9 |  9.2
Evocations     | 5 8 |  8.0
Short Blades   | |  2.6
Throwing       | |  1.7

Action                   |  1- 3 |  4- 6 |  7- 9 | 10-12 || total
-------------------------+-------+-------+-------+-------++-------
Melee: Rapier            |    89 |    12 |       |       ||   101
       Punch             |     2 |     3 |     5 |     1 ||    11
       Dagger            |       |   171 |    55 |       ||   226
       Whip              |       |       |    55 |       ||    55
       Hand axe          |       |       |   215 |   267 ||   482
       Quick blade       |       |       |       |    14 ||    14
       Battleaxe         |       |       |       |    10 ||    10
Throw: Throwing net      |     3 |     1 |     2 |       ||     6
       Javelin           |       |     1 |       |       ||     1
       Dart              |       |     3 |     2 |     5 ||    10
Invok: Lunge             |     8 |    11 |    12 |     5 ||    36
       Whirlwind         |       |       |       |     5 ||     5
Evoke: Wand              |       |     3 |     1 |     2 ||     6
  Use: Scroll            |     1 |     9 |     9 |     6 ||    25
       Potion            |       |     1 |     5 |     4 ||    10
 Stab: Sleeping          |     7 |     9 |       |       ||    16
       Held in net/web   |       |       |     3 |       ||     3
       Distracted        |       |       |       |     2 ||     2
Armor: Leather armour    |    26 |    38 |    11 |       ||    75
       Ring mail         |       |       |    56 |    33 ||    89
       Scale mail        |       |       |       |    52 ||    52
Dodge: Dodged            |    44 |    66 |   102 |   107 ||   319

Table legend: (Time is in decaauts)
 A = Elapsed time spent in this place.
 B = Non-inter-level travel time spent in this place.
 C = Inter-level travel time spent in this place.
 D = Time resting spent in this place.
 E = Time spent auto-exploring this place.
 F = Levels seen in this place.
 G = Mean time per level.
                   A        B        C        D        E       F      G
               +--------+--------+--------+--------+--------+-----+--------+
         Total |  14577 |  14129 |    448 |   3751 |   7769 |  15 |  971.8 |
       Dungeon |  12471 |  12023 |    448 |   2218 |   7571 |  11 | 1133.7 |
         Abyss |     63 |     63 |      0 |      0 |      0 |   2 |   31.5 |
       Ossuary |   1062 |   1062 |      0 |    840 |     59 |   1 | 1062.0 |
        Bailey |    979 |    979 |      0 |    693 |    139 |   1 |  979.0 |
               +--------+--------+--------+--------+--------+-----+--------+

Top non-repeatable levels by time:
     D:8: 2736 daAuts
    D:10: 1426 daAuts
    D:11: 1256 daAuts
     D:2: 1089 daAuts
 Ossuary: 1062 daAuts
     D:6: 1045 daAuts
     D:5: 1045 daAuts
     D:7: 1001 daAuts
  Bailey: 979 daAuts
     D:4: 864 daAuts
     D:1: 761 daAuts
     D:9: 723 daAuts
     D:3: 521 daAuts
 Abyss:2: 52 daAuts
 Abyss:1: 11 daAuts
